 Dungeon Crawl Stone Soup version 0.25.1-2-g60ff931df9 (webtiles) character file.

Game seed: 339801193159509528

200464 DogServant the Black Belt (level 18, -12/139 HPs)
             Began as a Purple Draconian Transmuter on Oct 18, 2020.
             Was a High Priest of Hepliaklqana.
             Mangled by a deep elf blademaster
             ... wielding a +0 rapier
              (17 damage)
             ... on level 3 of the Elven Halls.
             The game lasted 02:16:01 (47054 turns).

DogServant the Black Belt (DrTm)                   Turns: 47054, Time: 02:16:01

Health: -12/139    AC: 17    Str: 16    XL:     18   Next: 27%
Magic:  22/27      EV: 22    Int: 11    God:    Hepliaklqana [*****.]
Gold:   518        SH:  5    Dex: 19    Spells: 11/33 levels left

rFire    + . .     SeeInvis .     - Unarmed
rCold    + . .     Gourm    .   (shield currently unavailable)
rNeg     . . .     Faith    .   (armour unavailable)
rPois    .         Spirit   .   (helmet restricted)
rElec    .         Reflect  +   J - scarf {rC+ rF+}
rCorr    .         Harm     .   (gloves currently unavailable)
MR       ++...                  n - +2 pair of boots {run}
Stlth    ++........             g - amulet of reflection
HPRegen  0.33/turn              d - +4 ring of slaying
MPRegen  0.20/turn              V - +4 ring of protection

@: mighty, blade hands (expiring), quick
A: breathe power, unfitting armour, reduced essence, agile 1, dopey 1, low mp 1,
cold-blooded, MP-powered wands, AC +10
a: Breathe Dispelling Energy, End Transformation, Recall Ancestor, Ancestor
Identity, Transference, Idealise, Renounce Religion


You were on level 3 of the Elven Halls.
You worshipped Hepliaklqana.
Hepliaklqana was extremely pleased with you.
You were hungry.
You had blades for hands.
You visited 6 branches of the dungeon, and saw 32 of its levels.
You also visited: Ice Cave.

You collected 3051 gold pieces.
You spent 2533 gold pieces at shops.

Inventory:

Missiles
 a - 693 arrows
 B - 4 throwing nets
 Q - 12 javelins (quivered)
Armour
 j - a +2 buckler of fire resistance (melded)
 n - a +2 pair of boots of running (worn)
 r - a +2 cloak of magic resistance
 G - a +2 pair of gloves (melded)
 J - a scarf of resistance (worn)
 S - a scarf of invisibility
Magical Staves
 Y - an uncursed staff of summoning
Jewellery
 d - a +4 ring of slaying (left scythe-like blade)
 e - an uncursed ring of protection from magic
 f - the ring "Naneigarch" {+Blink +Inv +Fly Str+8 Int-2}
   (You acquired it on level 12 of the Dungeon)

   [ring of flight]

   It affects your strength (+8).
   It affects your intelligence (-2).
   It lets you turn invisible.
   It lets you fly.
   It lets you blink.
 g - an amulet of reflection (around neck)
 o - an uncursed amulet of regeneration
 L - an uncursed ring of protection from fire
 V - a +4 ring of protection (right scythe-like blade)
Wands
 t - a wand of paralysis (15)
 x - a wand of polymorph (11)
 y - a wand of digging (13)
 C - a wand of random effects (20)
 H - a wand of disintegration (14)
 I - a wand of flame (37)
 U - a wand of iceblast (19)
 Z - a wand of acid (14)
Scrolls
 h - 3 scrolls of fog
 k - 6 scrolls of enchant armour
 m - 5 scrolls of fear
 q - 14 scrolls of remove curse
 s - a scroll of brand weapon
 A - 7 scrolls of identify
 D - 3 scrolls of magic mapping
 E - a scroll of blinking
 F - 6 scrolls of teleportation
 M - 7 scrolls of enchant weapon
 R - 5 scrolls of amnesia
 T - a scroll of holy word
 W - a scroll of silence
Potions
 b - 2 potions of berserk rage
 i - 8 potions of flight
 l - 5 potions of stabbing
 p - 6 potions of lignification
 u - 2 potions of might
 w - 3 potions of brilliance
 z - a potion of magic
 K - 3 potions of haste
 N - a potion of curing
 O - 5 potions of cancellation
 P - 5 potions of ambrosia
Comestibles
 c - 44 rations


   Skills:
 - Level 12.5 Fighting
 - Level 11.6 Dodging
 - Level 4.0 Shields
 - Level 16.7 Unarmed Combat
 - Level 8.0 Spellcasting
 - Level 8.0 Summonings
 + Level 11.8 Transmutations
 - Level 10.0 Ice Magic
 - Level 8.0 Air Magic
 - Level 4.0 Poison Magic
 - Level 10.0 Invocations
 - Level 10.0 Evocations


You had 11 spell levels left.
You knew the following spells:

 Your Spells              Type           Power        Failure   Level  Hunger
a - Beastly Appendage     Tmut           ####..       8%          1    None
b - Sticks to Snakes      Tmut           ####....     9%          2    #......
c - Spider Form           Tmut/Pois      ###.......   21%         3    ###....
d - Blade Hands           Tmut           ####......   26%         5    ######.
e - Ice Form              Ice/Tmut       ####....     21%         4    ####...
f - Summon Lightning Spi  Summ/Air       ###.....     36%         4    ####...
g - Ozocubu's Armour      Chrm/Ice       ###.....     36%         3    ###....

Your spell library contained the following spells:

 Spells                   Type           Power        Failure   Level  Hunger
 Freeze                   Ice            ####         10%         1    None
 Summon Butterflies       Summ           ###.....     12%         1    None
 Summon Small Mammal      Summ           ###.         12%         1    None
 Call Imp                 Summ           ###.....     14%         2    #......
 Frozen Ramparts          Ice            ####..       14%         3    ###....
 Call Canine Familiar     Summ           ###.....     21%         3    ###....
 Ensorcelled Hibernation  Hex/Ice        ###...       26%         2    #......
 Summon Ice Beast         Ice/Summ       ###.....     28%         4    ####...
 Mephitic Cloud           Conj/Pois/Air  ##......     43%         3    ###....
 Static Discharge         Conj/Air       ##......     43%         3    ###....
 Petrify                  Tmut/Erth      ###.....     54%         4    ####...
 Animate Skeleton         Necr           N/A          56%         1    None
 Apportation              Tloc           #.....       56%         1    None
 Corona                   Hex            #......      56%         1    None
 Magic Dart               Conj           #...         56%         1    None
 Hailstorm                Conj/Ice       ###.....     63%         4    ####...
 Blink                    Tloc           N/A          67%         2    #......
 Searing Ray              Conj           #.....       67%         2    #......
 Slow                     Hex            #.......     67%         2    #......
 Yara's Violent Unravell  Hex/Tmut       ###.......   78%         5    ######.
 Confusing Touch          Hex            #.......     83%         3    ###....
 Conjure Flame            Conj/Fire      #.......     83%         3    ###....
 Dazzling Flash           Conj/Hex       #.....       83%         3    ###....
 Gell's Gravitas          Tloc           #.........   83%         3    ###....
 Metabolic Englaciation   Hex/Ice        ###.......   87%         5    ######.
 Lightning Bolt           Conj/Air       ##........   93%         5    ######.
 Silence                  Hex/Air        ##........   93%         5    ######.
 Summon Mana Viper        Hex/Summ       ##......     93%         5    ######.
 Shadow Creatures         Summ           N/A          94%         6    #######
 Fulminant Prism          Conj/Hex       #.........   98%         4    ####...
 Iskenderun's Mystic Bla  Conj/Tloc      #.......     98%         4    ####...
 Borgnjor's Vile Clutch   Necr/Erth      #.........   100%        5    ######.
 Conjure Ball Lightning   Conj/Air       ##........   100%        6    #######
 Darkness                 Hex            #.........   100%        6    #######
 Summon Hydra             Summ           ###.......   100%        7    #######
 Ignition                 Fire           #.........   100%        8    #######
 Shatter                  Erth           #.........   100%        9    #######
 Tornado                  Air            ###.......   100%        9    #######


Dungeon Overview and Level Annotations

Branches:
Dungeon (15/15)            Temple (0/1) D:5            Lair (6/6) D:10
 Shoals (3/4) Lair:3        Snake (3/4) Lair:4        Slime (0/5) Lair:6
    Orc (2/2) D:12            Elf (3/3) Orc:2        Vaults (0/5) D:13
 Depths (0/5) D:15          IceCv (visited)

Altars:
Ashenzari
Elyvilon
Gozag
Hepliaklqana
Nemelex Xobeh
Sif Muna
Trog
Xom
Yredelemnul
Zin
Beogh
Jiyva

Shops:
D:4 [   D:7 ?   D:12 *[   D:15 ?*(?*   Orc:2 ((=[(!   Shoals:2 =

Annotations:
D:12 2 runed translucent doors, Saltbearer's ghost, journeyman HuVM
Lair:6 2 transporters, exclusion: 2 oklob plants, lysyklops's ghost, journeyman MiFi
Snake:2 1 runed translucent door, DogServant's ghost, adept MfTm
Elf:2 3 runed translucent doors


Innate Abilities, Weirdness & Mutations

You can breathe bolts of dispelling energy.
Your rich purple scales are hard. (AC +10)
You cannot fit into any form of body armour.
You are cold-blooded and may be slowed by cold attacks.
Your life essence is reduced to manifest your ancestor. (-10% HP)
You are agile. (Dex +2)
You are dopey. (Int -2)
Your magical capacity is low. (-10% MP)
You expend magic power (3 MP) to strengthen your wands.


Message History

You are feeling hungry.
The deep elf blademaster completely misses you.
The deep elf blademaster hits you but does no damage.
You slash the deep elf blademaster!
The deep elf blademaster is lightly wounded.
You miss the deep elf blademaster.
The deep elf blademaster is lightly wounded.
The deep elf blademaster hits you with a +0 rapier.
The deep elf blademaster hits you with a +0 rapier!
* * * LOW HITPOINT WARNING * * *
You completely miss the deep elf blademaster.
You tail-slap the deep elf blademaster!
The deep elf blademaster is lightly wounded.
The deep elf blademaster hits you with a +0 rapier!!
* * * LOW HITPOINT WARNING * * *
You block the deep elf blademaster's attack.
You slash the deep elf blademaster!
The deep elf blademaster is moderately wounded.
The deep elf blademaster hits you with a +0 rapier!
You die...

#esE≈≈.≈≈.e.# #.
#.r.≈≈.≈≈...# #. #.#
#. #.# ## #)# # #)#
## #)# ##. #e# ##.#
##@## #... ##...##
####
#..#..##############
#.###...............
### #############.##
#.##.## ##..
##.R#.## ##.
##..##.## ##
##.##.##.## #


You could see a deep elf blademaster.

Vanquished Creatures
  Rupert (Lair:4)
  Frances (Snake:1)
  An orc warlord (Orc:2)
  A deep elf sorcerer (Elf:3)
  A frost giant (Shoals:2)
  A deep elf demonologist (Elf:3)
  Azrael (D:15)
  Nessos (D:13)
  A deep elf annihilator (Elf:3)
  A deep elf death mage (Elf:3)
  Josephine (D:15)
  2 ettins
  3 merfolk impalers
  3 vault guards (D:13)
  Harold (D:7)
  6 hydras
  3 anacondas
  3 naga warriors
  5 centaur warriors
  2 catoblepae (Lair:6)
  9 two-headed ogres
  A death knight (D:15)
  A satyr (Shoals:2)
  Erica (Orc:1)
  12 dancing weapons
  2 ogre magi
  11 death yaks
  3 orc high priests (Orc:2)
  3 shock serpents
  5 naga sharpshooters
  A shock serpent (shapeshifter) (Elf:3)
  Urug (Orc:2)
  4 deep elf knights
  A deep troll (D:15)
  A skeletal warrior (D:15)
  4 naga ritualists
  5 wizards
  11 sea snakes
  Pikel (D:7)
  6 harpies (Shoals:1)
  A necromancer (IceCv)
  A deep elf archer (Elf:2)
  2 oklob plants (Lair:6)
  4 orc knights
  29 deep elf magi
  8 ugly things
  5 mana vipers
  6 fauns (Shoals:2)
  5 orc sorcerers
  3 salamanders
  6 elephants
  4 cyclopes
  8 manticores
  2 merfolk sirens
  A guardian serpent (Snake:1)
  3 water nymphs
  Maurice (D:9)
  Psyche (D:11)
  3 naga magi
  22 black mambas
  2 ice statues (IceCv)
  9 spiny frogs
  2 rime drakes
  6 yaktaurs
  6 komodo dragons
  A gargoyle (D:14)
  A freezing wraith (D:15)
  8 ice devils
  A tengu conjurer (D:15)
  9 trolls
  A wind drake (Shoals:1)
  4 dream sheep
  8 merfolk
  4 polar bears
  9 blink frogs
  2 snapping turtles
  An air elemental (Elf:3)
  4 hippogriffs
  6 water elementals
  A spriggan (Lair:5)
  29 yaks
  4 wyverns
  6 fire elementals
  A hog (shapeshifter) (D:15)
  8 wraiths
  3 basilisks
  5 vampire mosquitoes
  Grum (D:11)
  Menkaure (D:7)
  12 nagas
  A hungry ghost (D:13)
  4 wargs
  2 acid dragons
  3 hell hounds (D:15)
  22 water moccasins
  10 porcupines
  2 eyes of draining
  44 orc warriors
  3 sky beasts
  3 ice beasts
  3 necrophages
  8 ogres
  3 phantoms
  7 wolves
  7 centaurs
  11 crocodiles
  2 big kobolds
  17 bullfrogs
  2 scorpions
  2 wyvern skeletons (D:13)
  8 killer bees
  12 wights
  A howler monkey (D:10)
  An electric eel (Snake:1)
  A battlemage (Lair:4)
  A crimson imp (D:15)
  A bullfrog zombie (D:13)
  3 centaur zombies
  16 orc wizards
  17 orc priests
  A gnoll shaman (Orc:1)
  5 bullfrog skeletons
  6 centaur skeletons
  11 hounds
  3 jellies (D:12)
  5 iguanas
  3 troll simulacra (IceCv)
  5 worker ants
  5 hell rats (Lair:4)
  4 centaur simulacra
  A hound zombie (D:10)
  2 hound skeletons
  2 worker ant zombies
  8 gnolls
  20 adders
  2 howler monkey skeletons
  A naga simulacrum (IceCv)
  3 ogre simulacra (IceCv)
  4 shadow imps
  An ufetubus (D:14)
  An ooze (D:5)
  2 worms
  6 leopard geckos
  83 orcs
  2 ball pythons
  7 bats
  3 giant cockroaches
  4 goblins (D:2)
  6 hobgoblins
  6 jackals
  3 quokkas
  6 frilled lizards
  10 kobolds
  A leopard gecko skeleton (D:4)
  A leopard gecko zombie (D:5)
  5 rats
  A fungus (Lair:6)
  2 plants (Lair:6)
850 creatures vanquished.

Vanquished Creatures (collateral kills)
  Saint Roka (Orc:2)
  A titan (Shoals:2)
  A frost giant (Shoals:2)
  Louise (D:15)
  An orc warlord (Orc:2)
  A deep elf demonologist (Elf:3)
  Snorg (Lair:4)
  3 hydras
  A catoblepas (Lair:6)
  2 vault guards (D:13)
  A death knight (D:15)
  2 anacondas
  A merfolk aquamancer (Shoals:1)
  4 death yaks
  A shock serpent (Snake:3)
  2 naga sharpshooters
  A sea snake (Snake:1)
  An unseen horror (D:15)
  2 deep elf archers
  2 harpies (Shoals:1)
  A naga ritualist (Snake:1)
  4 mana vipers
  An orc knight (Orc:1)
  2 orc sorcerers (Orc:1)
  6 deep elf magi
  A faun (Shoals:2)
  2 manticores (Shoals:1)
  11 black mambas
  A water nymph (Shoals:3)
  2 naga magi
  3 merfolk sirens
  4 elephants
  4 spiny frogs
  A gargoyle (D:12)
  A kobold demonologist (D:14)
  A freezing wraith (D:15)
  2 komodo dragons
  An ice devil (IceCv)
  A troll (Orc:2)
  A polar bear (Lair:5)
  A merfolk (Shoals:3)
  A snapping turtle (Shoals:2)
  3 dream sheep
  A hippogriff (Lair:5)
  8 blink frogs
  A wind drake (Shoals:1)
  A spriggan (Lair:5)
  4 water elementals
  A vampire (D:13)
  A wyvern (D:15)
  5 yaks
  A basilisk (D:15)
  A hungry ghost (D:9)
  2 wargs (Orc:2)
  7 nagas
  7 water moccasins
  A slave (D:7)
  A porcupine (Lair:5)
  6 orc warriors
  2 black bears
  A sky beast (D:11)
  3 ice beasts
  A necrophage (D:8)
  A phantom (D:7)
  2 wolves
  3 ogres
  A centaur (D:14)
  2 crocodiles (Lair:3)
  A big kobold (D:9)
  5 bullfrogs
  A wyvern skeleton (D:7)
  2 scorpions
  4 killer bees
  3 wights
  A howler monkey (D:6)
  4 electric eels
  A quasit (D:10)
  A bullfrog zombie (D:6)
  11 orc wizards
  5 orc priests
  2 centaur skeletons
  2 adders
  8 gnolls
  A white imp (D:14)
  An adder skeleton (D:5)
  2 worms
  A leopard gecko (D:6)
  33 orcs
  A bat (D:2)
  3 jackals
  2 kobolds
  A quokka (D:8)
  A frilled lizard (D:4)
  A rat (D:3)
  A butterfly (Lair:6)
248 creatures vanquished.

Vanquished Creatures (others)
  A deep elf knight (Elf:3)
  A wizard (D:12)
  A troll (Orc:2)
  A bullfrog (D:7)
  A jelly (D:7)
  26 battlemagi
  2 orcs
  9 fungi
  18 plants
  2 withered plants (Snake:2)
62 creatures vanquished.

Grand Total: 1160 creatures vanquished

Notes
Turn   | Place    | Note
-------+----------+-------------------------------------------
     0 | D:1      | DogServant the Draconian Transmuter began the quest for the
                  | Orb.
     0 | D:1      | Reached XP level 1. HP: 16/16 MP: 3/3
   470 | D:1      | Reached XP level 2. HP: 23/23 MP: 1/5
  1070 | D:2      | Reached skill level 4 in Unarmed Combat
  1436 | D:2      | Reached XP level 3. HP: 23/28 MP: 4/6
  1796 | D:2      | Found a bloodstained altar of Trog.
  1796 | D:2      | Found a hazy altar of Hepliaklqana.
  1797 | D:2      | Found a white marble altar of Elyvilon.
  1797 | D:2      | Found a sparkling altar of Nemelex Xobeh.
  1803 | D:2      | Became a worshipper of Hepliaklqana the Forgotten
  1911 | D:2      | Reached skill level 5 in Unarmed Combat
  1911 | D:2      | Reached XP level 4. HP: 27/31 MP: 5/7
  2058 | D:2      | Learned a level 2 spell: Sticks to Snakes
  2062 | D:2      | Learned a level 3 spell: Spider Form
  2541 | D:3      | Noticed a phantom
  2592 | D:3      | Killed a phantom
  2592 | D:3      | Reached XP level 5. HP: 35/36 MP: 6/8
  3013 | D:4      | Noticed a phantom
  3015 | D:4      | Reached * piety under Hepliaklqana
  3029 | D:4      | Killed a phantom
  3029 | D:4      | Reached XP level 6. HP: 40/42 MP: 6/9
  3060 | D:4      | Found a glowing silver altar of Zin.
  3187 | D:4      | Found Gucrig's Antique Armour Shop.
  3858 | D:5      | Entered Level 5 of the Dungeon
  4040 | D:5      | Reached skill level 1 in Poison Magic
  4040 | D:5      | Your scales start taking on a rich purple colour.
  4040 | D:5      | Reached XP level 7. HP: 47/47 MP: 7/10
  4316 | D:5      | Reached skill level 5 in Transmutations
  4343 | D:5      | Reached ** piety under Hepliaklqana
  4345 | D:5      | Remembered your ancestor Namzu as a battlemage
  4494 | D:5      | Found a basalt altar of Yredelemnul.
  4558 | D:5      | Found a staircase to the Ecumenical Temple.
  4821 | D:6      | Reached XP level 8. HP: 53/53 MP: 6/11
  5986 | D:7      | Noticed Menkaure
  6018 | D:7      | Killed Menkaure
  6018 | D:7      | Reached skill level 6 in Unarmed Combat
  6018 | D:7      | Reached XP level 9. HP: 55/63 MP: 9/13
  6065 | D:7      | Reached *** piety under Hepliaklqana
  6142 | D:7      | Learned a level 5 spell: Blade Hands
  6175 | D:7      | Noticed Harold
  6184 | D:7      | Noticed Pikel
  6190 | D:7      | Killed Pikel
  6190 | D:7      | Reached skill level 7 in Unarmed Combat
  6199 | D:7      | Killed Harold
  6199 | D:7      | Reached skill level 9 in Unarmed Combat
  6404 | D:7      | Found Goufemor's Magic Scroll Shop.
  6752 | D:8      | Reached XP level 10. HP: 64/72 MP: 8/14
  6760 | D:8      | Reached skill level 5 in Fighting
  7134 | D:8      | Noticed a two-headed ogre
  7419 | D:9      | Reached skill level 10 in Unarmed Combat
  7469 | D:9      | Noticed Maurice
  7482 | D:9      | Killed Maurice
  7582 | D:9      | Found a shimmering blue altar of Sif Muna.
  7820 | D:9      | Reached **** piety under Hepliaklqana
  8651 | D:10     | Entered Level 10 of the Dungeon
  8697 | D:10     | Reached skill level 11 in Unarmed Combat
  8716 | D:10     | Found a staircase to the Lair.
  9388 | D:8      | Killed a two-headed ogre
  9388 | D:8      | Reached XP level 11. HP: 82/85 MP: 9/15
  9672 | D:11     | Noticed Grum
  9683 | D:11     | Killed Grum
  9731 | D:11     | Reached skill level 1 in Invocations
  9971 | D:11     | Noticed Psyche
  9974 | D:11     | Killed Psyche
 10057 | D:11     | Noticed a two-headed ogre
 10064 | D:11     | Killed a two-headed ogre
 10212 | D:11     | Reached ***** piety under Hepliaklqana
 10318 | D:11     | Noticed a two-headed ogre
 10325 | D:11     | Learned a level 4 spell: Ice Form
 10332 | D:11     | Killed a two-headed ogre
 10332 | D:11     | Reached skill level 5 in Dodging
 10438 | D:11     | Reached skill level 12 in Unarmed Combat
 10529 | D:11     | Noticed a two-headed ogre
 10535 | D:11     | Killed a two-headed ogre
 10815 | Lair:1   | Entered Level 1 of the Lair of Beasts
 11169 | Lair:1   | Noticed a five-headed hydra
 11180 | Lair:1   | Killed a five-headed hydra
 11180 | Lair:1   | Reached skill level 5 in Invocations
 12109 | Lair:2   | Reached XP level 12. HP: 93/93 MP: 10/16
 12210 | Lair:2   | Noticed a five-headed hydra
 12219 | Lair:2   | Killed a five-headed hydra
 13161 | Lair:3   | Reached skill level 10 in Transmutations
 13218 | Lair:3   | Noticed a four-headed hydra
 13226 | Lair:3   | Killed a four-headed hydra
 13226 | Lair:3   | Reached skill level 1 in Ice Magic
 13646 | Lair:3   | Reached skill level 5 in Evocations
 13731 | Lair:3   | Noticed a death yak
 13739 | Lair:3   | Noticed a death yak
 13739 | Lair:3   | Noticed a death yak
 13741 | Lair:3   | Killed a death yak
 13741 | Lair:3   | Noticed a death yak
 13743 | Lair:3   | Noticed a death yak
 13748 | Lair:3   | Killed a death yak
 13756 | Lair:3   | Killed a death yak
 13759 | Lair:3   | Found a staircase to the Shoals.
 13954 | Lair:4   | Noticed a death yak
 13959 | Lair:4   | Noticed a death yak
 13959 | Lair:4   | Killed a death yak
 13960 | Lair:4   | Noticed a death yak
 13960 | Lair:4   | Noticed a death yak
 13964 | Lair:4   | Noticed a death yak
 13967 | Lair:4   | Noticed a death yak
 13969 | Lair:4   | Killed a death yak
 13971 | Lair:4   | Killed a death yak
 13974 | Lair:4   | Killed a death yak
 13989 | Lair:4   | Killed a death yak
 13989 | Lair:4   | Reached skill level 10 in Fighting
 13989 | Lair:4   | Reached XP level 13. HP: 70/101 MP: 15/17
 14286 | Lair:4   | Reached ****** piety under Hepliaklqana
 14433 | Lair:4   | Noticed Snorg
 14440 | Lair:4   | Killed Snorg
 14710 | Lair:4   | Noticed Rupert
 14730 | Lair:4   | Killed Rupert
 14899 | Lair:4   | Found a staircase to the Snake Pit.
 14979 | Lair:4   | Reached skill level 13 in Unarmed Combat
 16982 | Lair:6   | Entered Level 6 of the Lair of Beasts
 16984 | Lair:6   | Reached XP level 14. HP: 111/111 MP: 14/20
 17053 | Lair:6   | Noticed lysyklops's ghost (journeyman MiFi)
 17074 | Lair:6   | Found a transporter.
 17077 | Lair:6   | Found a transporter.
 17207 | Lair:6   | Reached skill level 10 in Dodging
 17374 | Lair:6   | Found a viscous altar of Jiyva.
 17374 | Lair:6   | Found a staircase to the Slime Pits.
 18156 | Lair:6   | Reached skill level 5 in Spellcasting
 18829 | D:12     | Identified 2 scrolls of acquirement
 18831 | D:12     | Acquired the ring "Naneigarch" {+Blink +Inv +Fly Str+8
                  | Int-2}
 18833 | D:12     | Acquired a +1 pair of boots of running
 19010 | D:12     | Found a shimmering altar of Xom.
 19067 | D:12     | Found a staircase to the Orcish Mines.
 19068 | D:12     | Found Zitukus's Armour Emporium.
 19179 | D:12     | Found Lexkysm's General Store.
 19210 | D:12     | Bought a wand of disintegration (14) for 288 gold pieces
 19210 | D:12     | Bought a scroll of teleportation for 48 gold pieces
 19210 | D:12     | Bought a wand of iceblast (9) for 208 gold pieces
 19460 | D:12     | Found a runed translucent door.
 19460 | D:12     | Found a runed translucent door.
 19467 | D:12     | Noticed a lich
 19479 | D:12     | Noticed Saltbearer's ghost (journeyman HuVM)
 19805 | D:12     | Found a shattered altar of Ashenzari.
 20583 | Orc:1    | Entered Level 1 of the Orcish Mines
 20592 | Orc:1    | Reached skill level 5 in Ice Magic
 20599 | Orc:1    | Reached skill level 14 in Unarmed Combat
 20712 | D:12     | Bought a +2 pair of gloves for 247 gold pieces
 20746 | Orc:1    | HP: 4/114 [sun demon[an orc knight] (16)]
 21443 | D:4      | Bought a runed scarf for 216 gold pieces
 21461 | D:4      | Gained mutation: You have sharp fingernails. [potion of
                  | mutation]
 21461 | D:4      | Gained mutation: You are agile. (Dex +2) [potion of
                  | mutation]
 21462 | D:4      | Lost mutation: You are agile. (Dex +2) [potion of mutation]
 21462 | D:4      | Lost mutation: You have sharp fingernails. [potion of
                  | mutation]
 21462 | D:4      | Gained mutation: Your magical capacity is low. (-10% MP)
                  | [potion of mutation]
 21462 | D:4      | Gained mutation: You are dopey. (Int -2) [potion of
                  | mutation]
 21462 | D:4      | Gained mutation: You are agile. (Dex +2) [potion of
                  | mutation]
 21462 | D:4      | Gained mutation: You expend magic power (3 MP) to
                  | strengthen your wands. [potion of mutation]
 21629 | D:13     | Reached XP level 15. HP: 117/120 MP: 15/21
 22191 | D:13     | Noticed Nessos
 22199 | D:13     | Killed Nessos
 22356 | D:13     | You fall into a shaft and drop 2 floors!
 22356 | D:15     | Entered Level 15 of the Dungeon
 22382 | D:15     | Found Vuulul's Magic Scroll Shoppe.
 22454 | D:14     | Found a frozen archway.
 22470 | IceCv    | Entered an ice cave
 22485 | IceCv    | Reached skill level 15 in Unarmed Combat
 23603 | D:14     | Found an opulent altar of Gozag.
 24173 | D:13     | Reached skill level 16 in Unarmed Combat
 24485 | D:13     | Found a gate to the Vaults.
 24540 | D:13     | Learned a level 4 spell: Summon Lightning Spire
 24740 | D:15     | Noticed Azrael
 24752 | D:15     | Killed Azrael
 24752 | D:15     | Reached skill level 1 in Summonings
 24752 | D:15     | Reached skill level 1 in Air Magic
 25281 | Orc:1    | Found a roughly hewn altar of Beogh.
 25291 | Orc:1    | Noticed Erica
 25302 | Orc:1    | Killed Erica
 25638 | Orc:2    | Entered Level 2 of the Orcish Mines
 25892 | Orc:2    | Noticed an orc warlord
 26292 | Orc:2    | Reached XP level 16. HP: 106/126 MP: 8/22
 26458 | Orc:2    | Found a roughly hewn altar of Beogh.
 26477 | Orc:2    | Found Kaib's Antique Weapon Emporium.
 26618 | Orc:2    | Found a roughly hewn altar of Beogh.
 26626 | Orc:2    | Found Liyllai's Jewellery Boutique.
 26634 | Orc:2    | Bought an uncursed amulet of reflection for 300 gold pieces
 26892 | Orc:2    | Found a staircase to the Elven Halls.
 26914 | Orc:2    | Found a roughly hewn altar of Beogh.
 26972 | Orc:2    | Found a roughly hewn altar of Beogh.
 26979 | Orc:2    | Found Niewesio's Distillery.
 27014 | Orc:2    | Bought a potion of heal wounds for 70 gold pieces
 27014 | Orc:2    | Bought 2 potions of heal wounds for 140 gold pieces
 27060 | Orc:2    | Found a roughly hewn altar of Beogh.
 27220 | Orc:2    | Noticed Urug
 27223 | Orc:2    | Killed Urug
 27227 | Orc:2    | Reached skill level 5 in Summonings
 27234 | Orc:2    | Reached skill level 5 in Air Magic
 27299 | Orc:2    | Noticed Saint Roka
 27587 | Orc:2    | Killed Saint Roka
 27962 | Orc:2    | Found a roughly hewn altar of Beogh.
 27962 | Orc:2    | Found Yffoskuts's Weapon Boutique.
 28831 | Orc:2    | Found Lasois's Antique Weapon Shoppe.
 28832 | Orc:2    | Found a roughly hewn altar of Beogh.
 28835 | Orc:2    | Found Oleitt's Antique Armour Emporium.
 29079 | Orc:2    | Found a roughly hewn altar of Beogh.
 29088 | Orc:2    | Found Liyllai's Jewellery Boutique.
 29114 | Orc:2    | Found a roughly hewn altar of Beogh.
 29131 | Orc:2    | Found Kaib's Antique Weapon Emporium.
 29190 | Orc:2    | Found Lasois's Antique Weapon Shoppe.
 29191 | Orc:2    | Found a roughly hewn altar of Beogh.
 29194 | Orc:2    | Found Oleitt's Antique Armour Emporium.
 29256 | Orc:2    | Found a roughly hewn altar of Beogh.
 29276 | Orc:2    | Found a roughly hewn altar of Beogh.
 29303 | Orc:2    | Found a staircase to the Elven Halls.
 29346 | Orc:2    | Found a roughly hewn altar of Beogh.
 29462 | Orc:2    | Found Niewesio's Distillery.
 29524 | Orc:2    | Found a roughly hewn altar of Beogh.
 29525 | Orc:2    | Found Yffoskuts's Weapon Boutique.
 29572 | Orc:2    | Found a roughly hewn altar of Beogh.
 29648 | Orc:2    | Found Lasois's Antique Weapon Shoppe.
 29649 | Orc:2    | Found a roughly hewn altar of Beogh.
 29652 | Orc:2    | Found Oleitt's Antique Armour Emporium.
 29714 | Orc:2    | Found a roughly hewn altar of Beogh.
 29735 | Orc:2    | Found a roughly hewn altar of Beogh.
 29739 | Orc:2    | Found Liyllai's Jewellery Boutique.
 29792 | Orc:2    | Found a staircase to the Elven Halls.
 29816 | Orc:2    | Found a roughly hewn altar of Beogh.
 29890 | Orc:2    | Found a roughly hewn altar of Beogh.
 29895 | Orc:2    | Found Niewesio's Distillery.
 29941 | Orc:2    | Found a roughly hewn altar of Beogh.
 29942 | Orc:2    | Found Yffoskuts's Weapon Boutique.
 30070 | Orc:2    | Bought a runed scarf for 176 gold pieces
 30189 | D:15     | Found Hyunuhiu's Weapon Emporium.
 30189 | D:15     | Noticed Louise
 30199 | D:15     | Killed Louise
 30643 | D:15     | Found Aso Jeol's Magic Scroll Shop.
 30657 | D:15     | Bought a scroll of blinking for 135 gold pieces
 30657 | D:15     | Bought a scroll of teleportation for 54 gold pieces
 30657 | D:15     | Bought a scroll of teleportation for 54 gold pieces
 30664 | D:15     | Found Fumuamew's General Store.
 30704 | D:15     | Noticed Josephine
 30713 | D:15     | Killed Josephine
 30735 | D:15     | Found a staircase to the Depths.
 31763 | D:15     | Found Purhuh's General Store.
 31768 | D:15     | Bought a +4 ring of protection for 432 gold pieces
 32793 | Snake:1  | Entered Level 1 of the Snake Pit
 35293 | Snake:1  | Noticed Frances
 35301 | Snake:1  | Killed Frances
 35301 | Snake:1  | Reached skill level 10 in Invocations
 35437 | Snake:1  | Reached skill level 10 in Evocations
 36478 | Snake:2  | Reached XP level 17. HP: 109/133 MP: 23/23
 36501 | Snake:2  | Learned a level 3 spell: Ozocubu's Armour
 36997 | Snake:2  | Found a runed translucent door.
 36999 | Snake:2  | Noticed DogServant's ghost (adept MfTm)
 37010 | Snake:2  | You fall into a shaft and drop 1 floor!
 38108 | Snake:2  | You fall into a shaft and drop 1 floor!
 39488 | Shoals:1 | Entered Level 1 of the Shoals
 39489 | Shoals:1 | Found Lihyummi's Antique Weapon Emporium.
 40624 | Shoals:1 | HP: 6/133 [barbs]
 40630 | Shoals:1 | Reached skill level 10 in Ice Magic
 42188 | Shoals:2 | Noticed a titan
 42212 | Shoals:2 | Killed a titan
 42877 | Shoals:2 | Found Cugicel's Jewellery Shoppe.
 43674 | Orc:2    | Bought a glowing buckler for 165 gold pieces
 43903 | Elf:1    | Entered Level 1 of the Elven Halls
 43992 | Elf:1    | Reached skill level 1 in Shields
 45306 | Elf:2    | Reached XP level 18. HP: 99/139 MP: 22/27
 45883 | Elf:2    | Found a runed translucent gate.
 45883 | Elf:2    | Found a runed translucent gate.
 45883 | Elf:2    | Found a runed translucent gate.
 46261 | Elf:3    | Entered Level 3 of the Elven Halls
 46920 | Elf:3    | Noticed a Hell Sentinel
 46921 | Elf:3    | Noticed a Brimstone Fiend
 46968 | Elf:3    | Noticed a Tzitzimitl
 47053 | Elf:3    | HP: 5/139 [deep elf blademaster/+0 rapier (24)]
 47054 | Elf:3    | Mangled by a deep elf blademaster

Illustrated notes

Levels and vault maps discovered:
D:1:      dpeg_arrival_rooms_b, layout_basic, grunt_decor_one_mirror
D:2:      layout_basic, chequers_temple_overflow_statue_of_worship
D:3:      layout_basic
D:4:      layout_basic, kennysheep_little_box, serial_shops,
          nicolae_shop_temple_entry_statues_fountains
D:5:      layout_loops_corners, minmay_temple_entry_slanted, first_ration,
          yredelemnul_altar_generic
D:6:      layout_basic
D:7:      layout_basic, serial_shops, nicolae_shop_behind_doors, uniq_menkaure,
          uniq_harold, uniq_pikel
D:8:      layout_cave_pods
D:9:      layout_grid_maze, lemuel_doored_altar, blue_anna_alchemist
          [blue_anna_fruit_fields, blue_anna_fruit_fields], uniq_maurice
D:10:     layout_rooms, lair_entry_dummy
D:11:     layout_irregular_city, uniq_grum, uniq_psyche
D:12:     minmay_wizard_corner, layout_grid_maze, orc_david_3, serial_shops,
          shop, basic_altar, muffindrake_ghost_dual_entry,
          david_defended_altar_elf
D:13:     layout_stronghold, grunt_vaults_entry_fortified, uniq_nessos
D:14:     layout_basic, serial_bayou_pond_e, basic_altar, serial_ice,
          serial_ice_l, serial_ice_n, serial_ice_a, serial_ice_e,
          portal_ice_cave_demonic_guard, kennysheep_generic_room_3
D:15:     hangedman_depths_entry_civil_slaughter, layout_loops_ring,
          minmay_misc_feat_diagonals, serial_shops, nicolae_shop_waterfront,
          shop, shop, shop, nicolae_shop_statue_plus, uniq_louise,
          uniq_josephine, uniq_azrael
Lair:1:   layout_gridlike, serial_rivers, chequers_serial_rivers_micro_a,
          chequers_serial_rivers_micro_b, chequers_serial_rivers_micro_d,
          chequers_serial_rivers_small_b, serial_bayou_pond_c,
          gammafunk_lair_bear_cave
Lair:2:   layout_cave_pods
Lair:3:   layout_roguey, minmay_shoals_entry_lonely_mermaid, nzn_random_ring
Lair:4:   layout_roguey, minmay_snake_entry_six_corridors,
          lightli_volcano_entry_magma_tube, chequers_serial_rivers_large_b,
          uniq_rupert, uniq_snorg
Lair:5:   layout_concentric_octagons, st_stairs_12, forest_entry_grove,
          serial_bayou_shore_a
Lair:6:   evilmike_catoblepas_cave, layout_hall_layers, slime_altar_1,
          gammafunk_ghost_hive, lemuel_fruit_fields, minmay_lair_oklob_chamber
Shoals:1: cheibrodos_shoals_baths, layout_shoals, serial_shops, shop
Shoals:2: cheibrodos_shoals_gigantism, layout_shoals, serial_shops,
          nicolae_shop_behind_doors
Shoals:3: layout_shoals, serial_shops, bzr_entry_customers,
          nicolae_shoals_kraken_party
Snake:1:  layout_layer_cave, special_room, serial_bayou_lake_a,
          grunt_megastairs_4, uniq_frances
Snake:2:  layout_misc_corridors, gammafunk_ghost_grave
Snake:3:  layout_onion_interference, nicolae_snake_serpentine_hallways,
          hangedman_snake_thin_pillar_pass, st_stairs_7, minmay_shop_grove
Orc:1:    layout_caves, basic_altar, mines2_lemuel, uniq_erica
Orc:2:    grunt_orc_community_town_hall, layout_diamond_mine,
          grunt_orc_community_big_house_2, grunt_orc_community_big_house_1,
          grunt_orc_community_house_2, grunt_orc_community_house_3,
          grunt_orc_community_house_1, grunt_orc_community_house_3, basic_altar,
          serial_shops, nicolae_shop_stone, minmay_shop_enchanted_jewellery,
          elves_outpost_lemuel, uniq_urug
Elf:1:    elf_arrival_001, layout_geoelf_octagon, evilmike_minifort,
          lemuel_flamethrower_2
Elf:2:    layout_onion_city
Elf:3:    elf_hall_gauntlet_narrow, layout_rooms, serial_shops, shop,
          statue_in_the_mist_lemuel, hex_tiny, glass_columns_b

Skill      XL: |  1  2  3  4  5  6  7  8  9 10 11 12 13 14 15 16 17 18 |
---------------+-------------------------------------------------------+-----
Unarmed Combat | 4 5 6 9 11 12 13 14 16 | 16.7
Transmutations | 3 4 6 7 9 10 11 | 11.8
Evocations     | 2 3 4 6 7 8 9 10 | 10.0
Dodging        | 2 3 4 6 7 9 10 11 | 11.6
Poison Magic   | 1 4 |  4.0
Fighting       | 2 3 4 8 9 10 11 12 | 12.5
Spellcasting   | 3 4 6 8 |  8.0
Invocations    | 5 6 7 9 10 | 10.0
Ice Magic      | 3 4 5 6 10 | 10.0
Summonings     | 4 8 |  8.0
Air Magic      | 4 8 |  8.0
Shields        | 4 |  4.0

Action                   |  1- 3 |  4- 6 |  7- 9 | 10-12 | 13-15 | 16-18 || total
-------------------------+-------+-------+-------+-------+-------+-------++-------
Melee: Unarmed           |   128 |    84 |   205 |   358 |   840 |   765 ||  2380
       Kick              |     9 |    11 |    10 |    18 |    14 |       ||    62
       Tailslap          |     4 |    12 |    14 |    49 |   119 |    92 ||   290
       Headbutt          |     3 |     5 |    16 |     7 |    19 |    25 ||    75
       Punch             |     1 |     2 |     1 |    22 |    41 |    45 ||   112
Throw: Dart              |       |       |       |     5 |       |       ||     5
       Throwing net      |       |       |       |     1 |     1 |       ||     2
       Javelin           |       |       |       |       |     1 |     2 ||     3
 Cast: Beastly Appendage |    18 |    23 |    30 |    22 |    35 |    28 ||   156
       Sticks to Snakes  |       |     1 |       |     1 |     4 |     1 ||     7
       Spider Form       |       |       |     8 |       |       |       ||     8
       Blade Hands       |       |       |     1 |    43 |    81 |    84 ||   209
       Ice Form          |       |       |       |       |     1 |    17 ||    18
       Summon Lightning  |       |       |       |       |       |     9 ||     9
Invok: Ancestor Life: Ba |       |       |     1 |       |       |       ||     1
       Recall Ancestor   |       |       |       |     1 |     9 |    14 ||    24
       Idealise          |       |       |       |       |     6 |     8 ||    14
       Transference      |       |       |       |       |     1 |       ||     1
 Abil: Breathe Dispellin |       |       |     9 |     3 |    16 |    20 ||    48
       End Transformatio |       |       |     2 |       |     1 |     3 ||     6
Evoke: Wand              |       |       |     5 |    24 |    40 |    21 ||    90
  Use: Potion            |     2 |       |     2 |     3 |     7 |    12 ||    26
       Scroll            |       |     9 |     1 |    10 |    28 |    16 ||    64
 Stab: Sleeping          |       |       |     3 |     1 |     4 |       ||     8
       Distracted        |       |       |     3 |     2 |     6 |    12 ||    23
       Petrified         |       |       |       |       |     4 |       ||     4
       Invisible         |       |       |       |       |       |     1 ||     1
  Eat: Chunk             |     4 |     7 |    11 |    36 |    49 |    31 ||   138
       Ration            |       |       |       |     1 |     6 |    20 ||    27
Armor: Skin              |    36 |    17 |    38 |    88 |   147 |   131 ||   457
Dodge: Dodged            |    89 |    47 |   118 |   206 |   528 |   531 ||  1519
Block: Other             |       |       |       |       |       |   150 ||   150
       Reflection        |       |       |       |       |       |    10 ||    10
